 Dungeon Crawl Stone Soup version 0.29-a0-563-g64e4043184 (webtiles) character file.

Game seed: 699068409880535787

7524 Miritol the Quickloader (level 11, -1/53 (57) HPs)
             Began as a Tengu Hunter on June 11, 2022.
             Was a Believer of Okawaru.
             Slain by a spectral orc knight
             ... wielding a +1 battleaxe
             ... summoned by Nergalle
              (17 damage)
             ... on level 10 of the Dungeon.
             The game lasted 00:38:04 (15030 turns).

Miritol the Quickloader (Tengu Hunter)             Turns: 15030, Time: 00:38:05

HP:   -1/53 (57)    AC:  8    Str: 21    XL:     11   Next: 16%
MP:   12/12         EV: 15    Int: 10    God:    Okawaru [**....]
Gold: 151           SH:  0    Dex: 18    Spells: 10/10 levels left

rFire   + + .      SeeInvis .   b - +6 spear (venom)
rCold   . . .      Faith    .   (no shield)
rNeg    . . .      Spirit   .   O - +1 steam dragon scales
rPois   +          Reflect  .   (helmet restricted)
rElec   .          Harm     .   (no cloak)
rCorr   .          Rampage  .   (no gloves)
Will    .....                   (boots unavailable)
Stlth   +.........              (no amulet)
HPRegen 0.17/turn               p - ring "Dule Ruch" {+Blink Fly rF++ Str+6 Stlth-}
MPRegen 0.13/turn               z - ring of poison resistance

@: flying quickly and evasively, drained, quick
A: beak, talons 3, nimble flight
a: Renounce Religion, Evoke Blink, Heroism


You were on level 10 of the Dungeon.
You worshipped Okawaru.
Okawaru was pleased with you.
You visited 2 branches of the dungeon, and saw 12 of its levels.

You collected 448 gold pieces.
You spent 297 gold pieces at shops.

Inventory:

Hand Weapons
 a - a +0 arbalest
 b - a +6 spear of venom (weapon)
 m - a +3 mace of holy wrath
 n - a +1 hand crossbow of flaming
Missiles
 r - 44 poisoned darts
 v - 2 throwing nets
 G - 3 curare-tipped darts
 N - 4 datura-tipped darts
Armour
 O - +1 steam dragon scales (worn)
Jewellery
 f - a +4 ring of protection
 j - a ring of wizardry
 l - a ring of ice
 p - the ring "Dule Ruch" (left hand) {+Blink Fly rF++ Str+6 Stlth-}
   (You acquired it on level 9 of the Dungeon)

   [ring of strength]

   Str:       It affects your strength (+6).
   rF:        It greatly protects you from fire.
   Fly:       It grants you flight.
   +Blink:    It lets you blink.
   Stlth:     It makes you less stealthy.
 w - a ring of positive energy
 z - a ring of poison resistance (right hand)
 D - a +6 ring of dexterity
 E - a +4 ring of evasion
Wands
 q - a wand of flame (57)
 s - a wand of iceblast (16) (quivered)
 H - a wand of charming (7)
 I - a wand of paralysis (6)
 L - a wand of mindburst (1)
Scrolls
 c - a scroll of immolation
 g - 5 scrolls of amnesia
 k - 3 scrolls of teleportation
 u - a scroll of silence
Potions
 d - a potion of lignification
 h - 2 potions of haste {unknown}
 i - a potion of mutation {unknown}
 t - 3 potions of heal wounds {unknown}
 x - 3 potions of cancellation {unknown}
 C - 4 potions of brilliance {unknown}
 F - a potion of might {unknown}
 M - a potion of degeneration {unknown}


   Skills:
 - Level 2.0 Fighting
 + Level 13.6 Crossbows
 + Level 12.9 Armour
 - Level 2.1 Dodging
 - Level 1.0 Stealth


You had 10 spell levels left.
You didn't know any spells.
Your spell library contained the following spells:

 Spells                   Type           Power      Damage    Failure   Level
 Apportation              Tloc           0%         N/A       36%         1
 Beastly Appendage        Tmut           0%         N/A       36%         1
 Foxfire                  Conj/Fire      0%         2x1d4     36%         1
 Magic Dart               Conj           0%         1d3       36%         1
 Necrotize                Necr           0%         1d4       36%         1
 Searing Ray              Conj           0%         2d4       50%         2
 Wereblood                Tmut           0%         N/A       50%         2
 Conjure Flame            Conj/Fire      0%         6-21      75%         3
 Ignite Poison            Fire/Tmut/Pois 0%         N/A       75%         3
 Inner Flame              Hex/Fire       0%         N/A       75%         3
 Mephitic Cloud           Conj/Pois/Air  0%         N/A       75%         3
 Spider Form              Tmut/Pois      0%         N/A       75%         3
 Flame Wave               Conj/Fire      0%         2d4       98%         4
 Fulminant Prism          Conj/Hex       0%         3d6       98%         4
 Passage of Golubria      Tloc           0%         N/A       98%         4
 Freezing Cloud           Conj/Ice/Air   0%         6-21      100%        5
 Yara's Violent Unravell  Hex/Tmut       0%         3d3       100%        5
 Summon Small Mammal      Summ           Unusable   N/A       N/A         1
 Tukima's Dance           Hex            Unusable   N/A       N/A         3

Dungeon Overview and Level Annotations

Branches:
Dungeon (11/15)            Temple (1/1) D:4             Orc (0/2) D:10
   Lair: D:8-11

Altars:
Ashenzari
Cheibriados
Hepliaklqana
Kikubaaqudgha
Makhleb
Nemelex Xobeh
Okawaru
Qazlal
Ru
Sif Muna
Trog
Uskayaw
Vehumet
Wu Jian
Xom
Yredelemnul
Zin
The Shining One

Shops:
D:3 [

Annotations:
D:2 ring ni trees
D:4 2 transporters, Crownlay's ghost, novice GnNe
D:8 1 runed translucent door, QuickerDeath's ghost, novice MeCj
D:10 3 runed translucent doors, Nergalle; NoAnimeNoLife's ghost, journeyman DECj


Innate Abilities, Weirdness & Mutations

You have a beak for a mouth.
You have claws for feet.
Your magical nature lets you fly swiftly and evasively.


Message History

Nergalle convulses.
Nergalle seems to slow down.
Nergalle is moderately wounded.
Aiming: Iceblast
Press: ? - help, Q - select action, (/) - cycle Shift-Dir - straight line, f/p - Nergalle
Aim: Nergalle, wielding a +0 dagger and wearing a +0 robe (moderately wounded, extremely poisoned, slow)
The mass of ice explodes!
The iceblast engulfs Nergalle.
Nergalle is moderately wounded.
The iceblast engulfs the spectral orc warrior.
The spectral orc warrior partially resists.
The spectral orc warrior is moderately damaged.
The iceblast engulfs the spectral orc warrior!
The spectral orc warrior partially resists.
The spectral orc warrior is heavily damaged.
Unknown command.
Aiming: Iceblast
Press: ? - help, Q - select action, (/) - cycle Shift-Dir - straight line, f/p - Nergalle
Aim: Nergalle, wielding a +0 dagger and wearing a +0 robe (moderately wounded, extremely poisoned, slow)
The mass of ice explodes!
The iceblast engulfs Nergalle!
Nergalle is heavily wounded.
The iceblast engulfs the spectral orc warrior.
The spectral orc warrior partially resists.
The spectral orc warrior is severely damaged.
Aiming: Mindburst
Press: ? - help, Shift-Dir - straight line, f/p - Nergalle
Aim: Nergalle, wielding a +0 dagger and wearing a +0 robe (heavily wounded, extremely poisoned, slow, chance to affect: 29%)
Okay, then.
Nergalle gestures at you while chanting.
Orcish apparitions take form around you.
Unknown command.
Reach: b) +6 spear (venom)
Press: ? - help, Dir - move target, f - spectral orc knight, p - Nergalle
Aim: a spectral orc knight, wielding a +1 battleaxe and wearing a +0 chain mail (summoned, about 19% to evade your +6 spear of venom)
Okay, then.
Aiming: Mindburst
Press: ? - help, Shift-Dir - straight line, f/p - Nergalle
Aim: Nergalle, wielding a +0 dagger and wearing a +0 robe (heavily wounded, very poisoned, slow, chance to affect: 29%) Nergalle easily resists.
The spectral orc warrior barely misses you.
The spectral orc knight hits you with a +1 battleaxe!
You die...

..#.# #.#.........#.#.####.#.#
###.# #.#........(##.#.^..#.##
....# #.#........#.##......##.
....# #.#.......#.#...[......#
###.## #.#..###..##............
..#..# #.#[.)...#..............
..####≈≈≈###..#..Z.o.............
...##≈....##..#.........[..#.....
...#..$...♣#..#Z@ZZ......#.##.[..
...#♣..).?♣#..#...Z......#..#....
...#.....!≈#..#..........#..#....
...##DWWW(##..#..........#..#....
....##+++##...#..........#..'....
'###..........#........###.###...
....#.........#........#⌠#.#⌠#...
....#.........##########.....#...
....#..............<..>#.._..#...


You could see Nergalle (very poisoned, slow), a spectral orc (summoned), 2
spectral orc warriors and 2 spectral orc knights.

Vanquished Creatures
  A boulder beetle (D:11)
  A two-headed ogre (D:10)
  A kobold demonologist (D:11)
  3 trolls (D:10)
  A hornet (D:9)
  2 wraiths
  4 yaks (D:10)
  A wyvern (D:9)
  A steam dragon (D:9)
  Edmund (D:4)
  4 orc warriors
  A water moccasin (D:5)
  A sky beast (D:8)
  An ice beast (D:8)
  A black bear (D:6)
  2 ogres (D:10)
  3 centaurs
  A phantom (D:5)
  Blork the orc (D:5)
  7 kobold brigands
  5 gnoll sergeants (D:10)
  A necrophage (D:8)
  3 bullfrogs
  4 scorpions
  5 killer bees (D:8)
  3 howler monkeys (D:10)
  A jelly (D:6)
  7 orc priests
  A gnoll shaman (D:6)
  2 iguanas
  Ijyb (D:3)
  Terence (D:2)
  9 orc wizards
  Natasha (thrice) (D:2)
  18 gnolls
  6 adders
  5 shadow imps
  A white imp (D:7)
  2 worms
  2 dart slugs (D:2)
  30 orcs
  7 ball pythons
  2 bats
  5 endoplasms
  3 giant cockroaches
  8 goblins
  6 hobgoblins
  11 jackals
  4 quokkas
  2 frilled lizards
  21 kobolds
  4 rats
221 creatures vanquished.

Vanquished Creatures (others)
  A dart slug (D:5)
  15 plants
16 creatures vanquished.

Grand Total: 237 creatures vanquished

Notes
Turn   | Place    | Note
-------+----------+-------------------------------------------
     0 | D:1      | Miritol the Tengu Hunter began the quest for the Orb.
     0 | D:1      | Reached XP level 1. HP: 12/12 MP: 2/2
   217 | D:1      | Reached skill level 1 in Armour
   217 | D:1      | Reached XP level 2. HP: 17/17 MP: 3/3
   730 | D:2      | Reached skill level 5 in Crossbows
   730 | D:2      | Reached XP level 3. HP: 21/21 MP: 4/4
   761 | D:2      | Reached XP level 4. HP: 26/26 MP: 5/5
  1173 | D:2      | Noticed Natasha
  1181 | D:2      | Killed Natasha
  1461 | D:2      | Gained mutation: Your magical nature lets you fly swiftly
                  | and evasively. [Tengu growth]
  1461 | D:2      | Reached XP level 5. HP: 30/30 MP: 6/6
  1520 | D:2      | Noticed Terence
  1779 | D:3      | Found a transporter.
  1969 | D:3      | Found a hide-covered altar of Uskayaw.
  2052 | D:3      | Reached skill level 6 in Crossbows
  2534 | D:3      | Found Seurol's Antique Armour Shop.
  2608 | D:3      | Noticed Ijyb
  2624 | D:3      | Killed Ijyb
  3030 | D:3      | Found a transporter.
  3798 | D:3      | Reached XP level 6. HP: 35/35 MP: 7/7
  4058 | D:2      | Noticed Natasha
  4065 | D:2      | Killed Natasha
  4067 | D:2      | Found a faded altar of an unknown god.
  4077 | D:2      | Noticed Natasha
  4088 | D:2      | Killed Natasha
  4143 | D:2      | Killed Terence
  4460 | D:4      | Noticed Edmund
  4481 | D:4      | Killed Edmund
  4482 | D:4      | Reached skill level 7 in Crossbows
  4482 | D:4      | Reached skill level 5 in Armour
  4482 | D:4      | Reached XP level 7. HP: 28/40 MP: 8/8
  4608 | D:4      | Found a staircase to the Ecumenical Temple.
  4618 | Temple   | Entered the Ecumenical Temple
  4773 | D:4      | Found a stormy altar of Qazlal.
  4808 | D:4      | Noticed Crownlay's ghost (novice GnNe)
  4810 | D:4      | Found a transporter.
  4847 | D:4      | Found a transporter.
  5169 | D:5      | Entered Level 5 of the Dungeon
  5356 | D:5      | Reached skill level 8 in Crossbows
  5360 | D:5      | Reached XP level 8. HP: 23/44 MP: 9/9
  5645 | D:5      | Noticed Blork the orc
  5660 | D:5      | Killed Blork the orc
  6016 | D:6      | Found a broken altar of Ashenzari.
  6335 | D:6      | Reached skill level 9 in Crossbows
  7435 | D:8      | Reached XP level 9. HP: 48/48 MP: 10/10
  7457 | D:8      | Found a burning altar of Makhleb.
  7549 | D:8      | Found a runed translucent door.
  7568 | D:8      | Noticed QuickerDeath's ghost (novice MeCj)
  7604 | D:8      | Reached skill level 10 in Crossbows
  8273 | D:8      | Found an ancient bone altar of Kikubaaqudgha.
  8434 | D:9      | Noticed a manticore
  8438 | D:10     | Entered Level 10 of the Dungeon
  8458 | D:10     | Noticed a troll
  8484 | D:10     | Killed a troll
  8588 | D:10     | Reached skill level 11 in Crossbows
  8588 | D:10     | Reached skill level 10 in Armour
  8601 | D:10     | HP: 2/48 [yak (13)]
  9246 | D:10     | Found a runed translucent gate.
  9246 | D:10     | Found a runed translucent gate.
  9246 | D:10     | Found a runed translucent gate.
  9249 | D:10     | Noticed NoAnimeNoLife's ghost (journeyman DECj)
  9249 | D:10     | Noticed a ten-headed hydra
  9261 | D:10     | Noticed a troll
  9294 | D:10     | Killed a troll
  9295 | D:10     | Reached XP level 10. HP: 17/53 MP: 11/11
  9519 | D:10     | Noticed Nergalle
  9892 | D:3      | Bought an ancient scale mail for 297 gold pieces
  9892 | D:3      | Identified the +0 scale mail "Imoxops" {Str+4} (You bought
                  | it in a shop on level 3 of the Dungeon)
 10655 | D:9      | Reached skill level 12 in Crossbows
 11038 | D:9      | Identified a scroll of acquirement
 11038 | D:9      | Acquired the ring "Dule Ruch" {+Blink Fly rF++ Str+6
                  | Stlth-}
 11539 | D:9      | Found an iron altar of Okawaru.
 11548 | D:9      | Became a worshipper of Warmaster Okawaru
 12161 | D:10     | Reached * piety under Okawaru
 12578 | D:10     | Found a staircase to the Orcish Mines.
 12654 | D:10     | Noticed a two-headed ogre
 12753 | D:10     | Killed a two-headed ogre
 12754 | D:10     | Reached skill level 13 in Crossbows
 13014 | D:10     | Found a hazy altar of Hepliaklqana.
 13078 | D:10     | Found a shimmering blue altar of Sif Muna.
 13147 | D:10     | Found a snail-covered altar of Cheibriados.
 13559 | D:10     | Reached ** piety under Okawaru
 13648 | D:11     | Noticed a boulder beetle
 13670 | D:11     | Killed a boulder beetle
 13671 | D:11     | Reached XP level 11. HP: 10/57 MP: 12/12
 15030 | D:10     | Slain by a spectral orc knight

Illustrated notes

Levels and vault maps discovered:
D:1:      ebering_trefoil_3fold, layout_loops_ring
D:2:      layout_loops_ring, dilly_ecumenical_altar_fadedgnrine, uniq_natasha,
          uniq_terence
D:3:      gammafunk_wand_slinger, layout_basic, eat_drink_and_be_merry_uskayaw,
          serial_shops, nicolae_shop_window_shopping, uniq_ijyb
D:4:      layout_basic, mainiacjoe_overflow_small_starburst,
          minmay_temple_entry_butterflies, gammafunk_ghost_stat_death,
          minmay_crystal_water, small_statue_intersection, uniq_edmund
D:5:      layout_basic, lemuel_flamethrower_1, uniq_blork_the_orc
D:6:      layout_basic, mainiacjoe_overflow_chevrons, st_stairs_6
D:7:      layout_gridville, lemuel_tele_altar, nicolae_overflow_hidden_temple,
          guppyfry_early_elven_hall, uniq_maggie
D:8:      layout_gridville, kennysheep_little_box, bloody_makhleb,
          hellmonk_ghost_happy_afterlife, st_stairs_8
D:9:      layout_cave_pods, okawaru_altar_gauntlet_db
D:10:     layout_irregular_city, nicolae_hepliaklqana_hippocampus,
          mainiacjoe_overflow_alcove_2, kennysheep_orc_sif_temple,
          kennysheep_orc_monster_closet_entryway, gammafunk_ghost_hydra_chop,
          minmay_misc_feat_secret_circle, uniq_nergalle
D:11:     layout_cave_pools, erik_lair_island, zin_angel
Temple:   dpeg_three_leaves_temple

Skill      XL: |  1  2  3  4  5  6  7  8  9 10 |
---------------+-------------------------------+-----
Armour         | 1 2 3 4 5 6 8 10 12 | 12.9
Crossbows      | 5 6 7 8 9 11 13 | 13.6
Fighting       | |  2.0
Dodging        | |  2.1
Stealth        | |  1.0

Action                   |  1- 3 |  4- 6 |  7- 9 | 10-12 || total
-------------------------+-------+-------+-------+-------++-------
Melee: Flail             |     2 |    32 |       |       ||    34
       Peck              |     1 |    11 |    36 |    32 ||    80
       Trident           |       |    38 |   197 |    73 ||   308
       Kick              |       |    16 |    64 |    45 ||   125
       Punch             |       |       |     2 |     1 ||     3
       Spear             |       |       |       |    82 ||    82
 Fire: Hand crossbow     |    49 |   146 |   123 |       ||   318
       Arbalest          |       |       |     3 |   137 ||   140
Throw: Dart              |       |     9 |     5 |    10 ||    24
Evoke: Wand              |       |     2 |       |     5 ||     7
  Use: Scroll            |       |     5 |     8 |    11 ||    24
       Potion            |       |       |     3 |     3 ||     6
Armor: Leather armour    |     9 |     6 |       |       ||    15
       Scale mail        |       |    41 |   137 |    36 ||   214
       Skin              |       |       |     9 |       ||     9
       Steam dragon scal |       |       |       |    38 ||    38
Dodge: Dodged            |     5 |    59 |   167 |   131 ||   362

Table legend: (Time is in decaauts)
 A = Elapsed time spent in this place.
 B = Non-inter-level travel time spent in this place.
 C = Inter-level travel time spent in this place.
 D = Time resting spent in this place.
 E = Time spent auto-exploring this place.
 F = Levels seen in this place.
 G = Mean time per level.
                   A        B        C        D        E       F      G
               +--------+--------+--------+--------+--------+-----+--------+
         Total |  14642 |  13873 |    769 |   4710 |   6679 |  12 | 1220.2 |
       Dungeon |  14569 |  13812 |    757 |   4710 |   6627 |  11 | 1324.5 |
        Temple |     72 |     60 |     12 |      0 |     52 |   1 |   72.0 |
               +--------+--------+--------+--------+--------+-----+--------+

Top non-repeatable levels by time:
    D:10: 3897 daAuts
     D:3: 2509 daAuts
     D:9: 1864 daAuts
     D:8: 1166 daAuts
     D:2: 1152 daAuts
     D:4: 977 daAuts
     D:1: 818 daAuts
     D:6: 757 daAuts
     D:5: 613 daAuts
     D:7: 515 daAuts
    D:11: 297 daAuts
  Temple: 72 daAuts
